 Dungeon Crawl Stone Soup version 0.29.0-13-gc9e81de378 (webtiles) character file.

Game seed: 12467552027728482870

136 SnakkuSnakku7 the Trooper (level 5, -1/57 HPs)
             Began as an Ogre Enchanter on Sept 8, 2022.
             Slain by an orc wizard
             ... wielding a +0 dagger
              (4 damage)
             ... on level 3 of the Dungeon.
             The game lasted 00:03:07 (1929 turns).

SnakkuSnakku7 the Trooper (Ogre Enchanter)          Turns: 1929, Time: 00:03:08

Health: -1/57      AC:  3    Str: 12    XL:     5   Next: 19%
Magic:  8/8        EV: 10    Int: 16    God:
Gold:   154        SH:  0    Dex: 11    Spells: 8/8 levels left

rFire   . . .      SeeInvis .   d - +2 dagger (elec)
rCold   . . .      Faith    .   (no shield)
rNeg    . . .      Spirit   .   b - +0 robe
rPois   .          Reflect  .   (helmet restricted)
rElec   .          Harm     .   (no cloak)
rCorr   .          Rampage  .   (gloves unavailable)
Will    .....                   (boots unavailable)
Stlth   ++........              (no amulet)
HPRegen 0.19/turn               (no ring)
MPRegen 0.11/turn               (no ring)

@: invisible
A: large, unfitting armour, tough skin 1
a: no special abilities


You were on level 3 of the Dungeon.
You visited 1 branch of the dungeon, and saw 3 of its levels.

You collected 154 gold pieces.

Inventory:

Hand Weapons
 a - a +1 dagger
 d - a +2 dagger of electrocution (weapon)
Missiles
 j - 11 poisoned darts (quivered)
 l - 3 boomerangs
Armour
 b - a +0 robe (worn)
Scrolls
 f - a scroll of amnesia {unknown}
 h - a scroll of fog {unknown}
 i - a scroll of noise {unknown}
 k - a scroll of poison {unknown}
 m - 2 scrolls of teleportation {unknown}
Potions
 c - a potion of invisibility
 e - 2 potions of heal wounds {unknown}
 g - 3 potions of curing {unknown}


   Skills:
 + Level 5.2 Fighting
 - Level 0.8 Short Blades
 + Level 2.2 Throwing
 - Level 1.7 Dodging
 - Level 2.1 Stealth
 - Level 2.4 Spellcasting
 - Level 2.6 Hexes


You had 8 spell levels left.
You didn't know any spells.
Your spell library contained the following spells:

 Spells                   Type           Power      Damage    Failure   Level
 Ensorcelled Hibernation  Hex/Ice        12%        N/A       17%         2
 Confusing Touch          Hex            10%        N/A       21%         3
 Tukima's Dance           Hex            10%        N/A       21%         3
 Passwall                 Tmut/Erth      0%         N/A       30%         2
 Sublimation of Blood     Necr           1%         N/A       30%         2
 Wereblood                Tmut           1%         N/A       30%         2
 Dazzling Flash           Conj/Hex       12%        N/A       34%         3
 Frozen Ramparts          Ice            2%         1d1       52%         3
 Swiftness                Air            1%         N/A       52%         3
 Ice Form                 Ice/Tmut       1%         N/A       89%         4
 Summon Ice Beast         Ice/Summ       1%         N/A       89%         4
 Summon Hydra             Summ           0%         N/A       100%        7


Dungeon Overview and Level Annotations

Branches:
Dungeon (3/15)

Altars:
Fedhas


Innate Abilities, Weirdness & Mutations

You are too large for most types of armour.
You have tough skin. (AC +1)


Message History

A magic dart appears from out of thin air!
The magic dart hits you! Something hits you but does no damage.
Things that are here:
a +0 flail; a +0 leather armour Unknown command.
Something hits you.
A magic dart appears from out of thin air!
The magic dart hits you. Something hits you but does no damage.
Things that are here:
a +0 flail; a +0 leather armour You hear some strange, mumbled words.
A magic dart appears from out of thin air!
The magic dart hits you!
You closely miss something. Something hits you but does no damage.
You hit something. Something hits you.
You hit something. Something hits you but does no damage.
You barely miss something. You closely miss something. Something hits you.
You miss something. Something hits you.
You miss something. Something hits you.
* * * LOW HITPOINT WARNING * * *
You closely miss something. Something hits you but does no damage.
You barely miss something. Something hits you.
* * * LOW HITPOINT WARNING * * *
You hit something. Something hits you but does no damage.
You hit something. Something hits you.
* * * LOW HITPOINT WARNING * * *
You miss something. Something hits you.
* * * LOW HITPOINT WARNING * * *
You miss something. Something hits you.
* * * LOW HITPOINT WARNING * * *
You fade into invisibility!
You hear some strange, mumbled words.
A puff of flame appears from out of thin air!
The puff of flame hits you!
* * * LOW HITPOINT WARNING * * *
You hit something. Something hits you.
You die...

#.# #.##### #
....#..
#.###.#.#.#####.
...#.#.........
..g. ..>...
#{###..######
#@)..........
#####..#####
#.......<#
#.###..### #..#
#..# #..# #..#
#..#


You could see a hobgoblin (unable to see you).

Vanquished Creatures
  An orc wizard (D:3)
  An iguana (D:2)
  An adder (D:2)
  A worm (D:2)
  2 dart slugs
  An orc (D:3)
  5 ball pythons
  5 bats
  7 endoplasms
  4 giant cockroaches
  6 goblins
  5 hobgoblins
  8 jackals
  4 kobolds
  2 quokkas
  5 frilled lizards
  6 rats
64 creatures vanquished.

Notes
Turn   | Place    | Note
-------+----------+-------------------------------------------
     0 | D:1      | SnakkuSnakku7 the Ogre Enchanter began the quest for the
                  | Orb.
     0 | D:1      | Reached XP level 1. HP: 16/16 MP: 3/3
    20 | D:1      | Reached skill level 1 in Fighting
    43 | D:1      | Reached skill level 2 in Fighting
   232 | D:1      | Reached XP level 2. HP: 28/28 MP: 5/5
   244 | D:1      | Found a faded altar of an unknown god.
   405 | D:1      | Reached skill level 3 in Fighting
   553 | D:1      | Reached XP level 3. HP: 37/37 MP: 6/6
   675 | D:1      | Reached skill level 4 in Fighting
   888 | D:2      | Reached skill level 1 in Throwing
   888 | D:2      | Reached XP level 4. HP: 49/49 MP: 7/7
  1499 | D:2      | Identified the +2 cloak of the Onion {*Slow rF+ rN+ Int+2}
  1565 | D:2      | Found a blossoming altar of Fedhas.
  1891 | D:3      | Reached skill level 5 in Fighting
  1901 | D:3      | Reached XP level 5. HP: 57/57 MP: 8/8
  1929 | D:3      | Slain by an orc wizard

Illustrated notes

Levels and vault maps discovered:
D:1:      scummos_arrival_simple_fountains, layout_rooms,
          hellmonk_ecumenical_altar_dog_temple, minmay_three_crescents
D:2:      layout_loops_cross, basic_altar, minmay_fractal_squares_5
D:3:      layout_basic, serial_shops, shop, minmay_checkerbox, uniq_sigmund

Skill      XL: |  1  2  3  4 |
---------------+-------------+-----
Fighting       | 2 3 4 5 |  5.2
Throwing       | 1 2 |  2.2
Short Blades   | |  0.8
Dodging        | |  1.7
Stealth        | |  2.1
Spellcasting   | |  2.4
Hexes          | |  2.6

Action                   |  1- 3 |  4- 6 || total
-------------------------+-------+-------++-------
Melee: Dagger            |   109 |    93 ||   202
  Use: Potion            |       |     1 ||     1
 Stab: Sleeping          |     2 |     7 ||     9
Armor: Robe              |    37 |    30 ||    67
Dodge: Dodged            |    71 |    42 ||   113
